 Dungeon Crawl Stone Soup version 0.30-a0-808-g6e0788376e (webtiles) character file.

Game seed: 18430932070246318696

899 Twinkles the Chopper (level 8, -9/70 HPs)
             Began as a Hill Orc Reaver on Feb 26, 2023.
             Was a Follower of Uskayaw.
             Mangled by Maggie
             ... wielding a +2 broad axe of flaming
              (10 damage)
             ... on level 6 of the Dungeon.
             The game lasted 00:14:25 (4698 turns).

Twinkles the Chopper (Hill Orc Reaver)              Turns: 4698, Time: 00:14:26

Health: -9/70      AC:  7    Str: 17    XL:     8   Next: 7%
Magic:  10/10      EV: 10    Int: 13    God:    Uskayaw [*.....]
Gold:   191        SH:  0    Dex:  9    Spells: 9/10 levels left

rFire   . . .      SeeInvis .    c - +2 whip (freeze)
rCold   . . .      Faith    .    (no shield)
rNeg    . . .      Spirit   .    g - +0 scale mail
rPois   .          Reflect  .    (no helmet)
rElec   .          Harm     .    (no cloak)
rCorr   .          Rampage  .    (no gloves)
Will    .....                    (no boots) Stlth
                                 (no amulet)
HPRegen 0.31/turn                j - +4 ring of slaying
MPRegen 0.12/turn                r - ring of flight

@: flying, mesmerised
A: no striking features
a: Renounce Religion, Stomp


You were on level 6 of the Dungeon.
You worshipped Uskayaw.
Uskayaw was noncommittal.
You visited 2 branches of the dungeon, and saw 7 of its levels.

You collected 217 gold pieces.
You spent 26 gold pieces at shops.

Inventory:

Hand Weapons
 a - a +0 hand axe
 c - a +2 whip of freezing (weapon)
Missiles
 d - a throwing net
 p - 4 poisoned darts
 q - 4 atropa-tipped darts
Armour
 b - a +0 leather armour
 g - a +0 scale mail (worn)
Jewellery
 j - a +4 ring of slaying (left hand)
 n - a ring of fire
 r - a ring of flight (right hand)
Scrolls
 e - a scroll of amnesia {unknown}
 i - 4 scrolls of teleportation {unknown}
 l - a scroll of summoning {unknown}
 m - a scroll of magic mapping {unknown}
 o - 2 scrolls of poison {unknown}
 u - a scroll of immolation {unknown}
 Z - 3 scrolls of identify
Potions
 f - 2 potions of might {unknown}
 h - a potion of degeneration {unknown}
 k - 2 potions of brilliance {unknown}
 s - a potion of haste {unknown}
 t - a potion of ambrosia {unknown}
 v - a potion of berserk rage {unknown}
 J - 3 potions of curing


   Skills:
 + Level 5.7 Fighting
 + Level 7.0 Axes
 + Level 4.4 Armour
 - Level 3.1 Dodging
 - Level 1.5 Spellcasting
 - Level 3.0 Conjurations
 + Level 2.0 Translocations
 + Level 2.0 Invocations


You had 9 spell levels left.
You knew the following spells:

 Your Spells              Type           Power      Damage    Failure   Level
a - Kiss of Death         Conj/Necr      16%        2d6       43%         1

Your spell library contained the following spells:

 Spells                   Type           Power      Damage    Failure   Level
 Magic Dart               Conj           32%        1d4       26%         1
 Momentum Strike          Conj/Tloc      14%        3d8       41%         2
 Blink                    Tloc           12%        N/A       50%         2
 Lesser Beckoning         Tloc           12%        N/A       50%         2
 Call Imp                 Summ           1%         N/A       78%         2
 Ensorcelled Hibernation  Hex/Ice        2%         N/A       78%         2
 Passwall                 Tmut/Erth      0%         N/A       78%         2
 Hailstorm                Conj/Ice       4%         3d4       80%         3
 Mephitic Cloud           Conj/Pois/Air  3%         N/A       86%         3
 Swiftness                Air            1%         N/A       95%         3


Dungeon Overview and Level Annotations

Branches:
Dungeon (6/15) Zot: 26897  Temple (1/1) D:5 Zot: 5909

Altars:
Ashenzari
Cheibriados
Dithmenos
Elyvilon
Fedhas
Hepliaklqana
Kikubaaqudgha
Nemelex Xobeh
Okawaru
Ru
Sif Muna
Trog
Uskayaw
Vehumet
Wu Jian
Xom
Zin
The Shining One

Shops:
D:2 (   D:4 ?

Annotations:
D:6 Maggie


Message History

Maggie is lightly wounded.
Maggie hits you with a +2 broad axe of flaming!
Maggie burns you.
You hit Maggie. You freeze Maggie.
Maggie is lightly wounded.
Maggie hits you with a +2 broad axe of flaming!
* * * LOW HITPOINT WARNING * * *
Maggie burns you.
* * * LOW HITPOINT WARNING * * *
You barely miss Maggie.
Maggie is lightly wounded.
Maggie misses you.
You closely miss Maggie.
Maggie is lightly wounded.
Maggie casts a spell.
Maggie attempts to bespell you!
You are mesmerised by Maggie!
You closely miss Maggie.
Maggie is lightly wounded.
You hit Maggie but do no damage.
Maggie is lightly wounded.
Maggie gestures wildly while chanting.
Maggie draws you further into her thrall.
You closely miss Maggie.
Maggie is lightly wounded.
Maggie casts a spell.
Maggie draws you further into her thrall.
You hit Maggie. You freeze Maggie.
Maggie is lightly wounded.
Maggie completely misses you.
You hit Maggie but do no damage.
Maggie is lightly wounded.
Maggie hits you with a +2 broad axe of flaming!
* * * LOW HITPOINT WARNING * * *
Maggie burns you.
* * * LOW HITPOINT WARNING * * *
You whack Maggie! You freeze Maggie.
Maggie is moderately wounded.
Maggie hits you with a +2 broad axe of flaming!
You die...

... ###. #.# #..
#.. ... #.#
#.#.# #.# #.#.#
#.#
##.####.#.###.#
#.............#
#..####.#.###.#
##.@####.#.# #.#
.......@.....#.#
#.#
#.####..####...#
#.##### #..#
#.### #.....#
#..# #.# #.###.#
...####.#####.#
#.#
#.............#
#.#
#######.#######
#.# #.# #.#


You could see Maggie (mesmerising).

Vanquished Creatures
  Menkaure (D:5)
  A centaur (D:5)
  4 scorpions
  2 jellies
  2 orc priests
  3 iguanas
  An orc wizard (D:3)
  4 gnolls
  8 adders
  An ufetubus (D:4)
  3 worms
  4 dart slugs
  19 orcs
  7 endoplasms
  A giant cockroach (D:3)
  3 goblins
  7 hobgoblins
  13 jackals
  4 kobolds
  3 quokkas
  2 ball pythons
  3 bats
  4 frilled lizards
  2 rats
  A spectral hobgoblin (D:1)
103 creatures vanquished.

Notes
Turn   | Place    | Note
-------+----------+-------------------------------------------
     0 | D:1      | Twinkles the Hill Orc Reaver began the quest for the Orb.
     0 | D:1      | Reached XP level 1. HP: 18/18 MP: 3/3
   119 | D:1      | Reached XP level 2. HP: 22/25 MP: 4/4
   139 | D:1      | HP: 6/25 [gnoll/+0 flail (10)]
   142 | D:1      | Reached skill level 1 in Armour
   247 | D:1      | Found a faded altar of an unknown god.
   343 | D:1      | Reached XP level 3. HP: 27/30 MP: 5/5
   925 | D:2      | Found Oqyqouta's Weapon Emporium.
  1042 | D:2      | Reached XP level 4. HP: 38/38 MP: 6/6
  1575 | D:3      | Reached skill level 5 in Axes
  1710 | D:3      | Reached XP level 5. HP: 37/45 MP: 7/7
  1985 | D:4      | Found Ytuy's Magic Scroll Boutique.
  2145 | D:4      | Reached XP level 6. HP: 34/52 MP: 8/8
  2248 | D:4      | Found an iron altar of Okawaru.
  2313 | D:4      | Identified the +1 robe of the Lonely Knives {Str-5 Int+6}
  2678 | D:4      | Bought a scroll of identify for 26 gold pieces
  2747 | D:4      | Reached skill level 6 in Axes
  2843 | D:4      | Reached XP level 7. HP: 40/60 MP: 9/9
  3177 | D:5      | Entered Level 5 of the Dungeon
  3209 | D:5      | Noticed Menkaure
  3268 | D:4      | Reached skill level 1 in Translocations
  3353 | D:5      | Reached skill level 5 in Fighting
  3431 | D:5      | Found a staircase to the Ecumenical Temple.
  3460 | Temple   | Entered the Ecumenical Temple
  3460 | Temple   | Found a transporter.
  3460 | Temple   | Found a transporter.
  3480 | Temple   | Found a transporter.
  3480 | Temple   | Found a transporter.
  3532 | Temple   | Became a worshipper of Uskayaw the Reveller
  3680 | D:5      | Reached * piety under Uskayaw
  3683 | D:5      | Reached ** piety under Uskayaw
  3780 | D:5      | HP: 12/61 [Menkaure (9)]
  3781 | D:5      | HP: 2/61 [Menkaure/nerve-wracking pain (10)]
  3781 | D:5      | Reached *** piety under Uskayaw
  3782 | D:5      | Killed Menkaure
  3783 | D:5      | Reached skill level 1 in Invocations
  4245 | D:5      | Reached XP level 8. HP: 54/70 MP: 10/10
  4476 | D:5      | Found a white marble altar of Elyvilon.
  4476 | D:5      | Found a sacrificial altar of Ru.
  4679 | D:6      | Reached skill level 7 in Axes
  4681 | D:6      | Noticed Maggie
  4690 | D:6      | HP: 17/70 [Maggie/+2 broad axe of flaming (9)]
  4697 | D:6      | HP: 6/70 [Maggie/+2 broad axe of flaming (11)]
  4697 | D:6      | HP: 1/70 [Maggie/+2 broad axe of flaming (5)]
  4698 | D:6      | Mangled by Maggie

Illustrated notes

Levels and vault maps discovered:
D:1:      minmay_arrival_plants_in_alcoves, layout_loops_ring,
          dreamdust_ecumenical_altar_drowned_temple
D:2:      layout_loops_ring, serial_shops, nicolae_shop_bloodbath_and_beyond
D:3:      layout_rooms, bh_walls_and_bars
D:4:      layout_basic, old_standard_altar, serial_shops, shop
D:5:      layout_loops_corners, amethyst_overflow_temple_binary,
          minmay_temple_entry_purple_smoke, minmay_crystal_water, uniq_menkaure
D:6:      layout_loops_ring, uniq_maggie
Temple:   hellmonk_temple_divided_pantheon

Skill      XL: |  1  2  3  4  5  6  7  8 |
---------------+-------------------------+-----
Armour         | 1 2 3 4 |  4.4
Dodging        | 2 3 |  3.1
Fighting       | 3 4 5 |  5.7
Axes           | 5 6 7 |  7.0
Translocations | 2 |  2.0
Invocations    | 1 2 |  2.0
Spellcasting   | |  1.5
Conjurations   | |  3.0

Action                     |  1- 3 |  4- 6 |  7- 9 || total
---------------------------+-------+-------+-------++-------
  Melee: Whip              |    77 |   155 |    68 ||   300
         Hand axe          |     4 |       |       ||     4
         Punch             |     1 |     1 |     1 ||     3
    Use: Scroll            |       |     1 |       ||     1
   Stab: Paralysed         |       |       |     1 ||     1
 Armour: Leather armour    |     4 |       |       ||     4
         Scale mail        |    20 |    51 |    20 ||    91
  Dodge: Dodged            |    39 |    71 |    24 ||   134

Table legend: (Time is in decaauts)
 A = Elapsed time spent in this place.
 B = Non-inter-level travel time spent in this place.
 C = Inter-level travel time spent in this place.
 D = Time resting spent in this place.
 E = Time spent auto-exploring this place.
 F = Levels seen in this place.
 G = Mean time per level.
                   A        B        C        D        E       F      G
               +--------+--------+--------+--------+--------+-----+--------+
         Total |   4697 |   4409 |    288 |    173 |   3432 |   7 |  671.0 |
       Dungeon |   4606 |   4359 |    247 |    173 |   3408 |   6 |  767.7 |
        Temple |     90 |     49 |     41 |      0 |     24 |   1 |   90.0 |
               +--------+--------+--------+--------+--------+-----+--------+

Top non-repeatable levels by time:
     D:4: 1282 daAuts
     D:5: 1210 daAuts
     D:1: 835 daAuts
     D:3: 591 daAuts
     D:2: 585 daAuts
     D:6: 101 daAuts
  Temple: 90 daAuts
